 Dungeon Crawl Stone Soup version 0.29-a0-885-gb26ba3297d (webtiles) character file.

Game seed: 11339892772250483670

87 Mesmaeker13 the Firebug (level 4, -2/24 HPs)
             Began as a Deep Elf Fire Elementalist on July 20, 2022.
             Slain by a goblin
             ... wielding a +0 dagger
             ... led by Robin
              (5 damage)
             ... on level 3 of the Dungeon.
             The game lasted 00:02:36 (2097 turns).

Mesmaeker13 the Firebug (DEFE)                      Turns: 2097, Time: 00:02:37

Health: -2/24      AC:  4    Str:  5    XL:     4   Next: 28%
Magic:  12/12      EV: 13    Int: 22    God:
Gold:   115        SH:  0    Dex: 15    Spells: 8/11 levels left

rFire   . . .      SeeInvis .   f - +0 falchion
rCold   . . .      Faith    .   (no shield)
rNeg    . . .      Spirit   .   a - +0 robe
rPois   +          Reflect  .   k - +0 helmet
rElec   .          Harm     .   (no cloak)
rCorr   .          Rampage  .   (no gloves)
Will    .....                   j - +0 pair of boots
Stlth   ++........              (no amulet)
HPRegen 0.08/turn               c - ring of wizardry
MPRegen 0.13/turn               q - ring of poison resistance

@: invisible
A: no striking features
a: no special abilities


You were on level 3 of the Dungeon.
You visited 1 branch of the dungeon, and saw 3 of its levels.

You collected 115 gold pieces.

Inventory:

Hand Weapons
 f - a +0 falchion (weapon)
Armour
 a - a +0 robe (worn)
 j - a +0 pair of boots (worn)
 k - a +0 helmet (worn)
Jewellery
 c - a ring of wizardry (left hand)
 q - a ring of poison resistance (right hand)
Scrolls
 e - a scroll of amnesia {unknown}
 i - a scroll of immolation
 o - a scroll of magic mapping {unknown}
 p - a scroll of identify {unknown}
Potions
 b - a potion of magic
 l - a potion of attraction {unknown}
 m - a potion of might {unknown}
 n - a potion of curing {unknown}


   Skills:
 + Level 3.5 Dodging
 - Level 2.4 Stealth
 + Level 4.0 Spellcasting
 + Level 2.3 Conjurations
 + Level 4.0 Fire Magic


You had 8 spell levels left.
You knew the following spells:

 Your Spells              Type           Power      Damage    Failure   Level
a - Foxfire               Conj/Fire      72%        2x1d7     1%          1
b - Scorch                Fire           44%        2d7       1%          2

Your spell library contained the following spells:

 Spells                   Type           Power      Damage    Failure   Level
 Conjure Flame            Conj/Fire      18%        6-21      3%          3
 Necrotise                Necr           16%        1d4       4%          1
 Sting                    Tmut/Pois      16%        1d3       4%          1
 Inner Flame              Hex/Fire       13%        N/A       6%          3
 Poisonous Vapours        Pois/Air       8%         N/A       7%          2
 Flame Wave               Conj/Fire      18%        2d6       12%         4
 Vampiric Draining        Necr           4%         2d6       13%         3
 Olgreb's Toxic Radiance  Pois           4%         N/A       38%         4
 Agony                    Necr           4%         N/A       73%         5


Dungeon Overview and Level Annotations

Branches:
Dungeon (3/15)

Altars:

Annotations:
D:3 Robin


Message History

The goblin barely misses you. x2
Robin roars a battlecry!
The goblins go into a battle-frenzy!
The hobgoblin barely misses you. The goblin hits you but does no damage.
The goblin hits you with a +0 dagger.
* * * LOW HITPOINT WARNING * * *
The hobgoblin misses you. The goblin hits you but does no damage.
The goblin closely misses you. The hobgoblin closely misses you.
The goblin's inner flame fades away. x2; The goblin closely misses you.
The goblin misses you.
The hobgoblin hits you but does no damage.
The goblin barely misses you. The goblin closely misses you.
The hobgoblin closely misses you. The goblin closely misses you.
The goblin hits you but does no damage. The hobgoblin closely misses you.
The goblin barely misses you. The goblin hits you with a +0 dagger.
* * * LOW HITPOINT WARNING * * *
The hobgoblin barely misses you.
The goblin's inner flame fades away.
The goblin barely misses you. The goblin closely misses you.
The hobgoblin closely misses you.
Robin's inner flame fades away.
The goblin misses you. The goblin closely misses you.
The hobgoblin barely misses you.
Your hearing returns.
The goblin's inner flame fades away.
The goblin misses you. The goblin barely misses you.
The hobgoblin barely misses you. The goblin completely misses you.
The goblin hits you but does no damage. The hobgoblin closely misses you.
The hobgoblin's inner flame fades away.
The goblin barely misses you. The goblin misses you. The hobgoblin misses you.
The goblin no longer looks unusually strong.
The goblin completely misses you. The goblin closely misses you.
Robin roars a battlecry!
The goblin goes into a battle-frenzy!
The hobgoblin closely misses you.
The goblin's inner flame fades away.
The goblin barely misses you. The goblin closely misses you.
The hobgoblin barely misses you.
The goblin no longer looks unusually strong.
The goblin misses you. The goblin hits you with a +0 dagger.
You die...

.......)...##
#######.##..#
#.###.# . #.#
#.## .. #.#
#..### ...
#)#
##...########
.... #.#
###........#
.... #g#
##.<.....#
#..#@#
#.......#
#.gg#
#.......#
#...g.gg..#
#.......#
...####g####
#.......# ##
).# #.......#
..# #.......#
...#
###.#####
...# .# ...##


You could see Robin (unable to see you), a hobgoblin (strong, unable to see you)
and 5 goblins.

Vanquished Creatures
  An adder (D:2)
  3 gnolls (D:2)
  A worm (D:2)
  A dart slug (D:1)
  3 endoplasms
  3 giant cockroaches (D:2)
  5 goblins
  4 hobgoblins
  3 quokkas
  6 bats
  3 frilled lizards
  4 kobolds
  9 rats
46 creatures vanquished.

Vanquished Creatures (collateral kills)
  2 foxfires (D:2)
2 creatures vanquished.

Vanquished Creatures (others)
  111 foxfires
  2 plants (D:2)
113 creatures vanquished.

Grand Total: 161 creatures vanquished

Notes
Turn   | Place    | Note
-------+----------+-------------------------------------------
     0 | D:1      | Mesmaeker13 the Deep Elf Fire Elementalist began the quest
                  | for the Orb.
     0 | D:1      | Reached XP level 1. HP: 10/10 MP: 6/6
   511 | D:1      | Reached XP level 2. HP: 15/15 MP: 6/8
   953 | D:2      | Reached XP level 3. HP: 19/19 MP: 5/10
  1119 | D:2      | Learned a level 2 spell: Scorch
  1575 | D:2      | Reached XP level 4. HP: 24/24 MP: 6/11
  2054 | D:3      | Noticed Robin
  2097 | D:3      | Slain by a goblin

Illustrated notes

Levels and vault maps discovered:
D:1:      elethiomel_arrival_infinity_welcomes_careful_drivers, layout_basic
D:2:      layout_rooms, serial_forest, infiniplex_forest_end_2,
          infiniplex_forest_clump_large, infiniplex_forest_clump_curved,
          infiniplex_forest_clump_curved, infiniplex_forest_lined_ring,
          infiniplex_forest_straight_5, infiniplex_forest_fountain,
          infiniplex_forest_join, minmay_fractal_squares_5
D:3:      layout_rooms, ebering_ghost_disaster_area, uniq_robin

Skill      XL: |  1  2  3  4 |
---------------+-------------+-----
Dodging        | 3 |  3.5
Conjurations   | 2 |  2.3
Fire Magic     | 4 |  4.0
Spellcasting   | 4 |  4.0
Stealth        | |  2.4

Action                   |  1- 3 |  4- 6 || total
-------------------------+-------+-------++-------
Melee: Falchion          |       |     4 ||     4
 Cast: Foxfire           |    55 |    12 ||    67
       Scorch            |     2 |     1 ||     3
  Use: Scroll            |       |     2 ||     2
       Potion            |       |     2 ||     2
Armor: Robe              |     2 |    12 ||    14
Dodge: Dodged            |     7 |    90 ||    97

Table legend: (Time is in decaauts)
 A = Elapsed time spent in this place.
 B = Non-inter-level travel time spent in this place.
 C = Inter-level travel time spent in this place.
 D = Time resting spent in this place.
 E = Time spent auto-exploring this place.
 F = Levels seen in this place.
 G = Mean time per level.
                   A        B        C        D        E       F      G
               +--------+--------+--------+--------+--------+-----+--------+
         Total |   2096 |   2061 |     35 |     31 |   1671 |   3 |  698.7 |
       Dungeon |   2096 |   2061 |     35 |     31 |   1671 |   3 |  698.7 |
               +--------+--------+--------+--------+--------+-----+--------+

Top non-repeatable levels by time:
     D:2: 1033 daAuts
     D:1: 904 daAuts
     D:3: 158 daAuts
